AoeStats
← 150490644@

Four Lakes

507431207Analyzed
1v1 RM · 14d ago on Sep 18, 2026· 46m 57s· 2 players
Game mode
Random Map
Map size
Tiny (2 player)
Population
200
Speed
Normal
Resources
Standard
Victory
Conquest
Starting age
Dark Age
Ending age
Imperial Age
RankedLock teamsTeams togetherTeam positionsShared explorationLock speedFull tech treeHidden civsTurbo modeCheats
Victory
Defeat
🇮🇹 Franks · Italy
980
+16
🇨🇳 Burgundians · China
985
-16
150490644@
7:37 Loom
10:01 Feudal Age
10:41 Double-Bit Axe
17:36 Forging
23:10 Castle Age
21:44 Scale Barding Armor
23:27 Gold Mining
24:24 Chain Barding Armor
26:23 Bow Saw
26:54 Wheelbarrow
28:01 Gold Shaft Mining
29:54 Husbandry
31:54 Stone Mining
33:07 Iron Casting
36:03 Hand Cart
36:09 Hand Cart
40:41 Imperial Age
42:28 Cavalier
44:33 Chemistry
44:13 Plate Barding Armor
kanamemadokaqaq
4:55 Double-Bit Axe
12:07 Feudal Age
10:23 Loom
11:45 Horse Collar
13:03 Bow Saw
19:21 Castle Age
18:46 Stone Mining
20:28 Stone Shaft Mining
22:10 Gold Mining
25:32 Wheelbarrow
24:43 Town Watch
26:07 Gold Shaft Mining
26:34 Forging
26:25 Scale Mail Armor
27:48 Heavy Plow
28:37 Hand Cart
31:02 Chain Mail Armor
31:22 Iron Casting
31:48 Fletching
36:08 Scale Barding Armor
39:39 Imperial Age
39:24 Ballistics
39:00 Murder Holes
39:16 Masonry
38:47 Treadmill Crane
39:06 Bodkin Arrow
39:46 Iron Casting
39:29 Pikeman
39:55 Arson
41:17 Squires
40:37 Halberdier
41:50 Bracer
Connection lost

Rejoining the realm…

Still unreachable

The connection could not be restored.

Session expired

The server has moved on; the page needs a fresh start.